TOP OF THE 1ST |
University of Minnesota Golden Gophers batting - Pitching for University of Oklahoma Sooners : RHP Sam Herrick
|
Pitching: RHP Sam Herrick
|
|
Batting: RHB Tatsuyoshi Ikeda
|
0-0: Ball 1-0: Ball 2-0: Called Strike 2-1: Swinging Strike 2-2: SINGLE (Groundball, 6M, EV 104.4 MPH) (infield hit)
|
Batting: RHB Ned Scovell
|
0-0: Ball 1-0: Foul Ball, location: 2F 1-1: Called Strike Tatsuyoshi Ikeda is caught stealing 2nd base 2-4 1-2: Ball 2-2: Ball 3-2: Foul Ball, location: 2F 3-2: Ground out 5-3 (Groundball, 56, EV 96.9 MPH)
|
Batting: LHB Dick Shafer
|
0-0: Ground out 3-1 (Groundball, 3D, EV 98.8 MPH)
|
Top of the 1st over - 0 runs, 1 hit, 0 errors, 0 left on base; University of Minnesota 0 - University of Oklahoma 0 |
BOTTOM OF THE 1ST |
University of Oklahoma Sooners batting - Pitching for University of Minnesota Golden Gophers : RHP Danny Colon
|
Pitching: RHP Danny Colon
|
|
Batting: LHB Alex Benabides
|
0-0: Ball 1-0: Foul Ball, location: 2F 1-1: Reached on error, E6 (Groundball, 6, EV 101.9 MPH)
|
Batting: RHB Victor Borras
|
0-0: Foul Ball, location: 2F 0-1: Called Strike 0-2: Ball 1-2: Strikes out swinging
|
Batting: RHB Ruben Arreola
|
0-0: Called Strike Alex Benabides steals 2nd, throwing error, E2 Alex Benabides to third 0-1: Called Strike 0-2: Ball 1-2: Ground out 6-3 (Groundball, 6, EV 103.8 MPH) Alex Benabides scores
|
Batting: LHB Alex Gutierrez
|
0-0: Swinging Strike 0-1: Called Strike 0-2: SINGLE (Groundball, 34D, EV 96.2 MPH)
|
Batting: RHB Sam Mason
|
0-0: Called Strike Alex Gutierrez is caught stealing 2nd base 2-4
|
Bottom of the 1st over - 1 run, 1 hit, 2 errors, 0 left on base; University of Minnesota 0 - University of Oklahoma 1 |
TOP OF THE 2ND |
University of Minnesota Golden Gophers batting - Pitching for University of Oklahoma Sooners : RHP Sam Herrick
|
Batting: RHB Ozzie Buendia
|
0-0: Foul Ball, location: 2F 0-1: Ball 1-1: Ball 2-1: Ball 3-1: Called Strike 3-2: Foul Ball, location: 2F 3-2: Strikes out looking
|
Batting: LHB Josh Rini
|
0-0: Swinging Strike 0-1: Swinging Strike 0-2: Ball 1-2: Ball 2-2: Ball 3-2: DOUBLE (Line Drive, 9LM, EV 101.9 MPH)
|
Batting: RHB Jarrod Strickhouser
|
0-0: SINGLE (Groundball, 6D, EV 97.5 MPH) Josh Rini to third Runner from 3rd tries for Home, throw by LF and OUT! 7-2
|
Batting: LHB Alex Villa
|
0-0: Ball 1-0: Foul Ball, location: 2F 1-1: Fly out, F8 (Flyball, 8RD, EV 108.8 MPH)
|
Top of the 2nd over - 0 runs, 2 hits, 0 errors, 1 left on base; University of Minnesota 0 - University of Oklahoma 1 |
BOTTOM OF THE 2ND |
University of Oklahoma Sooners batting - Pitching for University of Minnesota Golden Gophers : RHP Danny Colon
|
Batting: RHB Sam Mason
|
0-0: Called Strike 0-1: Ball 1-1: Swinging Strike 1-2: Strikes out looking
|
Batting: LHB Cameron Marinelli
|
0-0: Ball 1-0: Called Strike 1-1: Foul Ball, location: 2F 1-2: Ball 2-2: DOUBLE (Flyball, 89D, EV 98.1 MPH)
|
Batting: RHB Virgil Wenz
|
0-0: Ball 1-0: Called Strike 1-1: Foul Ball, location: 2F 1-2: Strikes out swinging
|
Batting: LHB Toby Clark
|
0-0: Ball 1-0: Ball 2-0: Fly out, F4 (Popup, 4S, EV 73.8 MPH)
|
Bottom of the 2nd over - 0 runs, 1 hit, 0 errors, 1 left on base; University of Minnesota 0 - University of Oklahoma 1 |
TOP OF THE 3RD |
University of Minnesota Golden Gophers batting - Pitching for University of Oklahoma Sooners : RHP Sam Herrick
|
Batting: LHB Antonio Cordero
|
0-0: Called Strike 0-1: Ball 1-1: Called Strike 1-2: Strikes out looking
|
Batting: RHB Jason Mooris
|
0-0: Ground out 6-3 (Groundball, 56, EV 106.2 MPH)
|
Batting: RHB Tatsuyoshi Ikeda
|
0-0: Ball 1-0: Foul Ball, location: 2F 1-1: Swinging Strike 1-2: Strikes out swinging, 2-3 out at first.
|
Top of the 3rd over - 0 runs, 0 hits, 0 errors, 0 left on base; University of Minnesota 0 - University of Oklahoma 1 |
BOTTOM OF THE 3RD |
University of Oklahoma Sooners batting - Pitching for University of Minnesota Golden Gophers : RHP Danny Colon
|
Batting: RHB Jason Higgins
|
0-0: Called Strike 0-1: Called Strike 0-2: Strikes out swinging
|
Batting: LHB Alex Benabides
|
0-0: Ground out 5-3 (Groundball, 5, EV 85.6 MPH)
|
Batting: RHB Victor Borras
|
0-0: Ball 1-0: Called Strike 1-1: Ball 2-1: Swinging Strike 2-2: Fly out, F4 (Line Drive, 4D, EV 69.4 MPH)
|
Bottom of the 3rd over - 0 runs, 0 hits, 0 errors, 0 left on base; University of Minnesota 0 - University of Oklahoma 1 |
TOP OF THE 4TH |
University of Minnesota Golden Gophers batting - Pitching for University of Oklahoma Sooners : RHP Sam Herrick
|
Batting: RHB Ned Scovell
|
0-0: Called Strike 0-1: Ball 1-1: Called Strike 1-2: Strikes out swinging
|
Batting: LHB Dick Shafer
|
0-0: Called Strike 0-1: Fly out, F9 (Flyball, 89S, EV 79.4 MPH)
|
Batting: RHB Ozzie Buendia
|
0-0: Called Strike 0-1: Ball 1-1: Called Strike 1-2: SINGLE (Flyball, 89S, EV 90.6 MPH)
|
Batting: LHB Josh Rini
|
0-0: Swinging Strike 0-1: Swinging Strike 0-2: Strikes out swinging
|
Top of the 4th over - 0 runs, 1 hit, 0 errors, 1 left on base; University of Minnesota 0 - University of Oklahoma 1 |
BOTTOM OF THE 4TH |
University of Oklahoma Sooners batting - Pitching for University of Minnesota Golden Gophers : RHP Danny Colon
|
Batting: RHB Ruben Arreola
|
0-0: Called Strike 0-1: Swinging Strike 0-2: Ball 1-2: Ball 2-2: Strikes out swinging
|
Batting: LHB Alex Gutierrez
|
0-0: Called Strike 0-1: Foul Ball, location: 2F 0-2: Ball 1-2: Strikes out swinging
|
Batting: RHB Sam Mason
|
0-0: Foul Ball, location: 2F 0-1: Ball 1-1: Ball 2-1: Foul Ball, location: 2F 2-2: Ground out 6-3 (Groundball, 6S, EV 81.2 MPH)
|
Bottom of the 4th over - 0 runs, 0 hits, 0 errors, 0 left on base; University of Minnesota 0 - University of Oklahoma 1 |
TOP OF THE 5TH |
University of Minnesota Golden Gophers batting - Pitching for University of Oklahoma Sooners : RHP Sam Herrick
|
Now at SS: Jon Hubbard
|
|
Now in LF: Paul Mooris
|
|
Now in RF: Alex Benabides
|
|
Batting: RHB Jarrod Strickhouser
|
0-0: Called Strike 0-1: Swinging Strike 0-2: Ball 1-2: SINGLE (Groundball, 6MD, EV 94.4 MPH)
|
Batting: LHB Alex Villa
|
0-0: Called Strike Jarrod Strickhouser is caught stealing 2nd base 2-6 0-1: Ball 1-1: Ground out 1-3 (Groundball, 13S, EV 70.6 MPH)
|
Batting: LHB Antonio Cordero
|
0-0: Ball 1-0: Ball 2-0: Called Strike 2-1: Ball 3-1: Called Strike 3-2: Fly out, F8 (Line Drive, 8LD, EV 103.8 MPH)
|
Top of the 5th over - 0 runs, 1 hit, 0 errors, 0 left on base; University of Minnesota 0 - University of Oklahoma 1 |
BOTTOM OF THE 5TH |
University of Oklahoma Sooners batting - Pitching for University of Minnesota Golden Gophers : RHP Danny Colon
|
Now in LF: Jarrod Strickhouser
|
|
Now in CF: Chris Rodgers
|
|
Now in RF: Roy Evenden
|
|
Batting: LHB Cameron Marinelli
|
0-0: Called Strike 0-1: Fly out, F8 (Flyball, 8RM, EV 93.1 MPH)
|
Batting: RHB Virgil Wenz
|
0-0: SINGLE (Groundball, 56D, EV 104.4 MPH)
|
Batting: LHB Toby Clark
|
0-0: Called Strike 0-1: Ball 1-1: Ball 2-1: Called Strike 2-2: Ball 3-2: Strikes out looking Virgil Wenz is caught stealing 2nd base 2-6 Batter strikes out.
|
Bottom of the 5th over - 0 runs, 1 hit, 0 errors, 0 left on base; University of Minnesota 0 - University of Oklahoma 1 |
TOP OF THE 6TH |
University of Minnesota Golden Gophers batting - Pitching for University of Oklahoma Sooners : RHP Sam Herrick
|
Pitching: RHP Matthew Sax
|
|
Now at 2B: Myles Sabine
|
|
Now at 3B: Jon Hubbard
|
|
Now at SS: David Stuckey
|
|
Now in RF: Eric Peterson
|
|
Batting: RHB Jason Mooris
|
0-0: Called Strike 0-1: Ball 1-1: Ball 2-1: Foul Ball, location: 2F 2-2: Foul Ball, location: 2F 2-2: Foul Ball, location: 2F 2-2: Strikes out swinging
|
Pinch Hitting: RHB Farakiko Haunani
|
0-0: Ball 1-0: Ground out 6-3 (Groundball, 6, EV 90.6 MPH)
|
Pinch Hitting: RHB Ron Gooch
|
0-0: Ball 1-0: Ball 2-0: Ball 3-0: Called Strike 3-1: Base on Balls
|
Batting: SHB Chris Rodgers
|
0-0: Ground out 4-3 (Groundball, 34, EV 104.4 MPH)
|
Top of the 6th over - 0 runs, 0 hits, 0 errors, 1 left on base; University of Minnesota 0 - University of Oklahoma 1 |
BOTTOM OF THE 6TH |
University of Oklahoma Sooners batting - Pitching for University of Minnesota Golden Gophers : RHP Danny Colon
|
Now at 1B: Jose Moncada
|
|
Now at 2B: Ron Gooch
|
|
Now at SS: Farakiko Haunani
|
|
Batting: RHB Jason Higgins
|
0-0: Called Strike 0-1: Ball 1-1: Ball 2-1: SINGLE (Groundball, 6MD, EV 110.0 MPH)
|
Batting: RHB David Stuckey
|
0-0: Ball 1-0: Swinging Strike 1-1: Foul Ball, location: 2F 1-2: Foul Ball, location: 2F 1-2: Ball 2-2: Ball 3-2: Fielders Choice at 2nd, 6-4 (Groundball, 6MS, EV 90.0 MPH)
|
Pinch Hitting: RHB Sugiarto Kartosuwiryo
|
0-0: Ball 1-0: Swinging Strike 1-1: Called Strike 1-2: Ball 2-2: Fly out, F7 (Flyball, 78M, EV 73.8 MPH)
|
Pitching: RHP Luis Ibarra
|
|
Batting: LHB Jon Terrones
|
0-0: Ball 1-0: Swinging Strike 1-1: Swinging Strike 1-2: Foul Ball, location: 2F 1-2: Strikes out swinging
|
Bottom of the 6th over - 0 runs, 1 hit, 0 errors, 1 left on base; University of Minnesota 0 - University of Oklahoma 1 |
TOP OF THE 7TH |
University of Minnesota Golden Gophers batting - Pitching for University of Oklahoma Sooners : RHP Matthew Sax
|
Now at 1B: Benedetto Legnano
|
|
Pinch Hitting: LHB Phil Bonner
|
0-0: Ball 1-0: Foul Ball, location: 2F 1-1: Ball 2-1: Swinging Strike 2-2: Strikes out swinging
|
Pitching: LHP Bruce Chapman
|
|
Batting: RHB Scott Rose
|
0-0: Ball 1-0: Ground out 6-3 (Groundball, 56, EV 79.4 MPH)
|
Pinch Hitting: RHB Dave Uttley
|
0-0: Called Strike 0-1: Ball 1-1: Foul Ball, location: 2F 1-2: Ground out 4-3 (Groundball, 4M, EV 104.4 MPH)
|
Top of the 7th over - 0 runs, 0 hits, 0 errors, 0 left on base; University of Minnesota 0 - University of Oklahoma 1 |
BOTTOM OF THE 7TH |
University of Oklahoma Sooners batting - Pitching for University of Minnesota Golden Gophers : RHP Luis Ibarra
|
Now at 3B: Phil Bonner
|
|
Now in LF: Dave Uttley
|
|
Batting: LHB Paul Mooris
|
0-0: Ball 1-0: Ground out 4-3 (Groundball, 4, EV 83.1 MPH)
|
Batting: RHB Jon Hubbard
|
0-0: Called Strike 0-1: Ball 1-1: Ball 2-1: Fly out, F4 (Popup, 3D, EV 51.9 MPH)
|
Batting: RHB Eric Peterson
|
0-0: Called Strike 0-1: SOLO HOME RUN (Flyball, 7D, EV 108.1 MPH), Distance : 399 ft
|
Pinch Hitting: RHB Jesus Montoya
|
0-0: Swinging Strike 0-1: Ball 1-1: Called Strike 1-2: Ball 2-2: Ball 3-2: Foul Ball, location: 2F 3-2: Strikes out looking
|
Bottom of the 7th over - 1 run, 1 hit, 0 errors, 0 left on base; University of Minnesota 0 - University of Oklahoma 2 |
TOP OF THE 8TH |
University of Minnesota Golden Gophers batting - Pitching for University of Oklahoma Sooners : LHP Bruce Chapman
|
Pitching: RHP Earl Freeman
|
|
Now in LF: Min-zhong Ching
|
|
Now in CF: Kjeld Leen
|
|
Pinch Hitting: LHB Bobby Agterberg
|
0-0: Called Strike 0-1: Called Strike 0-2: Ground out 4-3 (Groundball, 4, EV 87.5 MPH)
|
Batting: LHB Jose Moncada
|
0-0: Ball 1-0: Ball 2-0: Ball 3-0: Called Strike 3-1: SINGLE (Groundball, 34D, EV 93.8 MPH)
|
Batting: RHB Jason Mooris
|
0-0: SINGLE (Line Drive, 9S, EV 99.4 MPH) Jose Moncada to second
|
Batting: RHB Farakiko Haunani
|
0-0: Ball 1-0: Called Strike 1-1: Ball 2-1: Fly out, F8 (Flyball, 89M, EV 94.4 MPH)
|
Batting: RHB Ron Gooch
|
0-0: Called Strike 0-1: Ball 1-1: Foul Ball, location: 2F 1-2: Foul Ball, location: 2F 1-2: Foul Ball, location: 2F 1-2: Foul Ball, location: 2F 1-2: Fly out, F8 (Flyball, 8LM, EV 88.1 MPH)
|
Top of the 8th over - 0 runs, 2 hits, 0 errors, 2 left on base; University of Minnesota 0 - University of Oklahoma 2 |
BOTTOM OF THE 8TH |
University of Oklahoma Sooners batting - Pitching for University of Minnesota Golden Gophers : RHP Luis Ibarra
|
Now in RF: Bobby Agterberg
|
|
Batting: RHB Myles Sabine
|
0-0: Fly out, F9 (Line Drive, 9LM, EV 89.4 MPH)
|
Batting: RHB Jason Higgins
|
0-0: Swinging Strike 0-1: Ball 1-1: Ball 2-1: Ground out 1-3 (Groundball, 34S, EV 73.8 MPH)
|
Batting: RHB David Stuckey
|
0-0: Ball 1-0: Ball 2-0: Foul Ball, location: 2F 2-1: Foul Ball, location: 2F 2-2: Ball 3-2: Strikes out swinging
|
Bottom of the 8th over - 0 runs, 0 hits, 0 errors, 0 left on base; University of Minnesota 0 - University of Oklahoma 2 |
TOP OF THE 9TH |
University of Minnesota Golden Gophers batting - Pitching for University of Oklahoma Sooners : RHP Earl Freeman
|
Pitching: LHP Doug Lacenaire
|
|
Pinch Hitting: SHB Marty Kuehn
|
0-0: Called Strike 0-1: Called Strike 0-2: Foul Ball, location: 2F 0-2: Strikes out swinging
|
Pinch Hitting: RHB Mike Satterfield
|
0-0: Foul Ball, location: 2F 0-1: Fly out, F8 (Flyball, 8RM, EV 75.0 MPH)
|
Batting: RHB Scott Rose
|
0-0: Ball 1-0: Ball 2-0: Called Strike 2-1: Ball 3-1: Called Strike 3-2: Foul Ball, location: 2F 3-2: Strikes out swinging
|
Top of the 9th over - 0 runs, 0 hits, 0 errors, 0 left on base; University of Minnesota 0 - University of Oklahoma 2 |
|